 Dungeon Crawl Stone Soup version 0.27-a0-1557-g57f10a385c (webtiles) character file.

Game seed: 14975036728962892400

4101 robertstho the Cleaver (level 10, 0/132 (139) HPs)
             Began as a Minotaur Berserker on July 15, 2021.
             Was a High Priest of Trog.
             Succumbed to a gnoll sergeant's poison
             ... on level 8 of the Dungeon.
             The game lasted 00:10:10 (7767 turns).

robertstho the Cleaver (Minotaur Berserker)         Turns: 7767, Time: 00:10:11

HP:   0/132 (139)   AC: 15    Str: 24    XL:     10   Next: 6%
MP:   5/9           EV:  8    Int:  5    God:    Trog [*****.]
Gold: 474           SH:  0    Dex: 10    Spells: 9/9 levels left

rFire    . . .     SeeInvis +   w - +0 battleaxe
rCold    . . .     Faith    .   (shield currently unavailable)
rNeg     . . .     Spirit   +   m - +1 plate armour
rPois    .         Reflect  .   (helmet restricted)
rElec    .         Harm     .   (no cloak)
rCorr    .         Rampage  .   (no gloves)
Will     .....                  (no boots)
Stlth    ..........             k - amulet of guardian spirit
HPRegen  0.32/turn              l - ring of see invisible
MPRegen  0.11/turn              z - ring of flight

@: berserking (expiring), lethally poisoned (0 -> -40), flying, drained, very
quick
A: horns 2, retaliatory headbutt
a: Renounce Religion, Berserk, Trog's Hand, Brothers in Arms


You were on level 8 of the Dungeon.
You worshipped Trog.
Trog was extremely pleased with you.
You visited 1 branch of the dungeon, and saw 8 of its levels.
You also visited: Sewer.

You collected 474 gold pieces.

Inventory:

Hand Weapons
 a - a +0 hand axe
 d - a +2 vorpal flail
 w - a +0 battleaxe (weapon)
Missiles
 x - 2 throwing nets (quivered)
Armour
 m - a +1 plate armour (worn)
Jewellery
 h - a ring of ice
 k - an amulet of guardian spirit (around neck)
 l - a ring of see invisible (left hand)
 z - a ring of flight (right hand)
Wands
 c - a wand of polymorph (9)
 j - a wand of mindburst (15)
 s - a wand of flame (12)
Scrolls
 g - 3 scrolls of enchant armour
 u - 2 scrolls of amnesia {unknown}
 v - a scroll of fog
 y - a scroll of fear {unknown}
 A - a scroll of immolation {unknown}
 C - a scroll of blinking
Potions
 b - 4 potions of haste {unknown}
 e - 2 potions of invisibility {unknown}
 f - 3 potions of curing {unknown}
 i - a potion of lignification
 n - a potion of cancellation {unknown}
 o - 3 potions of mutation {unknown}
 p - 3 potions of magic {unknown}
 q - a potion of experience {unknown}
 r - 3 potions of heal wounds {unknown}
 t - a potion of resistance {unknown}
 B - a potion of brilliance {unknown}
 E - a potion of attraction {unknown}


   Skills:
 * Level 10.1 Fighting
 + Level 10.6 Axes
 * Level 10.5 Armour
 + Level 3.1 Dodging


You had 9 spell levels left.
You didn't know any spells.
Your spell library was empty.

Dungeon Overview and Level Annotations

Branches:
Dungeon (8/15)             Temple (0/1) D:6           Sewer (visited)
   Lair: D:8-11

Altars:
Dithmenos
Sif Muna

Shops:
D:6 :

Annotations:
D:6 2 transporters, DocClef's ghost, weakling GnDe


Innate Abilities, Weirdness & Mutations

You have a pair of horns on your head.
You reflexively headbutt those who attack you in melee.


Message History

Trog accepts your kill.
You slash the gnoll!
You feel extremely sick.
The gnoll sergeant hits you with a +2 trident of venom.
* * * LOW HITPOINT WARNING * * *
You completely miss the gnoll sergeant.
The gnoll sergeant is lightly wounded.
You hit the gnoll but do no damage. You barely miss the gnoll.
You feel very sick. The gnoll hits you but does no damage.
The gnoll hits you with a +0 whip.
* * * LOW HITPOINT WARNING * * *
You hit the gnoll sergeant but do no damage.
The gnoll sergeant is lightly wounded.
You barely miss the gnoll. You slice the gnoll!!
You kill the gnoll!
Trog accepts your kill.
You feel very sick.
The gnoll sergeant hits you with a +2 trident of venom.
* * * LOW HITPOINT WARNING * * *
You are lethally poisoned!
You hit the gnoll sergeant.
The gnoll sergeant is moderately wounded.
You slash the gnoll!
You kill the gnoll!
Trog accepts your kill.
* * * LOW HITPOINT WARNING * * *
You feel very sick.
The gnoll sergeant hits you with a +2 trident of venom.
* * * LOW HITPOINT WARNING * * *
You are more poisoned.
You slash the gnoll sergeant!
The gnoll sergeant is almost dead.
* * * LOW HITPOINT WARNING * * *
You feel extremely sick.
The gnoll sergeant hits you but does no damage.
You are more poisoned.
You slice the gnoll sergeant!!
You kill the gnoll sergeant!
Trog accepts your kill.
You die...

#
#######'###
..........#
##........#
#........#
#........#
#........#
######.###
#####.##
#....@)#
#...)))....#
#......###.#
#......#
#......#
#......#
#......#
#......#


There were no monsters in sight!

Vanquished Creatures
  Harold (D:7)
  A hornet (D:8)
  2 steam dragons
  3 water moccasins
  Duvessa (D:7)
  An orc warrior (D:7)
  A sky beast (D:4)
  A black bear (D:5)
  An ice beast (D:7)
  A necrophage (D:7)
  2 ogres (D:4)
  A phantom (D:4)
  A kobold brigand (D:7)
  3 bullfrogs
  A gnoll sergeant (D:8)
  2 scorpions
  2 wyvern zombies
  Dowan (D:7)
  2 water moccasin zombies
  4 wights (D:8)
  A centaur zombie (D:6)
  A hound (D:5)
  3 orc priests
  A bullfrog skeleton (D:6)
  A centaur skeleton (D:6)
  A gnoll shaman (D:6)
  5 iguanas
  3 orc wizards
  13 gnolls
  10 river rats (Sewer)
  18 adders
  2 adder skeletons
  2 worms
  3 dart slugs
  8 orcs
  6 ball pythons
  6 endoplasms
  6 giant cockroaches
  5 goblins
  8 hobgoblins
  19 jackals
  25 kobolds
  6 quokkas
  4 bats
  6 frilled lizards
  21 rats
216 creatures vanquished.

Notes
Turn   | Place    | Note
-------+----------+-------------------------------------------
     0 | D:1      | robertstho the Minotaur Berserker began the quest for the
                  | Orb.
     0 | D:1      | Reached XP level 1. HP: 19/19 MP: 0/0
   339 | D:1      | Reached XP level 2. HP: 23/27 MP: 1/1
   772 | D:1      | Found a faded altar of an unknown god.
   802 | D:1      | Reached XP level 3. HP: 24/34 MP: 2/2
  1060 | D:2      | Reached ** piety under Trog
  1695 | D:2      | Reached XP level 4. HP: 40/41 MP: 3/3
  1978 | D:2      | Reached skill level 5 in Fighting
  2384 | D:3      | Reached XP level 5. HP: 46/48 MP: 4/4
  2498 | D:3      | Reached *** piety under Trog
  2620 | D:3      | Reached skill level 5 in Axes
  3014 | D:4      | Noticed an ogre
  3025 | D:4      | Killed an ogre
  3026 | D:4      | Reached XP level 6. HP: 33/56 MP: 1/5
  3068 | D:4      | Reached skill level 5 in Armour
  3101 | D:4      | Found a glowing drain.
  3128 | Sewer    | Entered a sewer
  3526 | Sewer    | Reached **** piety under Trog
  3577 | Sewer    | Reached XP level 7. HP: 56/62 MP: 6/6
  4292 | D:5      | Entered Level 5 of the Dungeon
  4635 | D:5      | Reached XP level 8. HP: 73/73 MP: 7/7
  5182 | D:6      | Found Guwkoshat's Book Shoppe.
  5197 | D:6      | Found Leolavig's Book Emporium.
  5378 | D:6      | Found a transporter.
  5389 | D:6      | Noticed DocClef's ghost (weakling GnDe)
  5403 | D:6      | Found a transporter.
  5420 | D:6      | Found a shadowy altar of Dithmenos.
  5514 | D:6      | Found a staircase to the Ecumenical Temple.
  6181 | D:7      | Reached XP level 9. HP: 71/82 MP: 5/8
  6541 | D:7      | Noticed Duvessa
  6542 | D:7      | Noticed Dowan
  6554 | D:7      | Killed Duvessa
  6555 | D:7      | Killed Dowan
  6946 | D:7      | Found a shimmering blue altar of Sif Muna.
  6996 | D:7      | Noticed Harold
  7009 | D:7      | Killed Harold
  7010 | D:7      | Reached skill level 10 in Axes
  7010 | D:7      | Reached skill level 10 in Armour
  7118 | D:7      | Reached ***** piety under Trog
  7468 | D:8      | Reached skill level 10 in Fighting
  7509 | D:8      | Paralysed by a hornet for 2 turns
  7515 | D:8      | Reached XP level 10. HP: 93/93 MP: 5/9
  7767 | D:8      | Succumbed to a gnoll sergeant's poison

Illustrated notes

Levels and vault maps discovered:
D:1:      heliophobic_arrival_henge, layout_basic,
          hellmonk_ecumenical_altar_arch_garden
D:2:      layout_loops_cross
D:3:      layout_basic
D:4:      layout_rooms, portal_sewer_entry_a,
          lightli_ossuary_entry_decrepit_ruins
D:5:      layout_loops_cross
D:6:      layout_basic, mainiacjoe_overflow_small_starburst,
          minmay_temple_entry_large_hall, gammafunk_ghost_stat_death,
          serial_shops, nicolae_shop_crystal, nicolae_inconvenience_store,
          grunt_decor_clamped
D:7:      layout_gridville, led_sif_book, uniq_harold, uniq_duvessa
D:8:      layout_basic, nicolae_ashenzari_skybound, st_stairs_2

Skill      XL: |  1  2  3  4  5  6  7  8  9 |
---------------+----------------------------+-----
Fighting       | 4 5 7 8 10 | 10.1
Axes           | 4 5 6 7 8 10 | 10.6
Armour         | 3 4 5 6 8 10 | 10.5
Dodging        | 3 |  3.1

Action                   |  1- 3 |  4- 6 |  7- 9 | 10-12 || total
-------------------------+-------+-------+-------+-------++-------
Melee: Hand axe          |    81 |   168 |   108 |       ||   357
       Headbutt          |    13 |    21 |    35 |     2 ||    71
       Battleaxe         |       |       |   117 |    23 ||   140
Invok: Berserk           |     1 |     5 |     8 |     1 ||    15
       Trog's Hand       |       |     3 |     1 |       ||     4
  Use: Scroll            |       |     5 |     2 |       ||     7
Armor: Animal skin       |     5 |       |       |       ||     5
       Scale mail        |    26 |    23 |       |       ||    49
       Plate armour      |       |    89 |   139 |    20 ||   248
Dodge: Dodged            |    63 |    91 |    93 |     9 ||   256

Table legend: (Time is in decaauts)
 A = Elapsed time spent in this place.
 B = Non-inter-level travel time spent in this place.
 C = Inter-level travel time spent in this place.
 D = Time resting spent in this place.
 E = Time spent auto-exploring this place.
 F = Levels seen in this place.
 G = Mean time per level.
                   A        B        C        D        E       F      G
               +--------+--------+--------+--------+--------+-----+--------+
         Total |   7937 |   7745 |    192 |    397 |   6130 |   9 |  881.9 |
       Dungeon |   7207 |   7015 |    192 |    343 |   5669 |   8 |  900.9 |
         Sewer |    729 |    729 |      0 |     54 |    461 |   1 |  729.0 |
               +--------+--------+--------+--------+--------+-----+--------+

Top non-repeatable levels by time:
     D:7: 1339 daAuts
     D:1: 1069 daAuts
     D:2: 1043 daAuts
     D:6: 990 daAuts
     D:3: 931 daAuts
     D:5: 891 daAuts
   Sewer: 729 daAuts
     D:4: 611 daAuts
     D:8: 331 daAuts
